 Dungeon Crawl Stone Soup version 0.26-a0-651-gb41185065b (webtiles) character file.

Game seed: 4005297737683319056

93 nicanaca0 the Cudgeler (level 4, -4/28 HPs)
             Began as a Gargoyle Fighter on Oct 22, 2020.
             Killed by divine providence
             ... invoked by an orc priest
              (13 damage)
             ... on level 3 of the Dungeon.
             The game lasted 00:03:09 (1303 turns).

nicanaca0 the Cudgeler (Gargoyle Fighter)           Turns: 1303, Time: 00:03:10

Health: -4/28      AC: 12    Str: 21    XL:     4   Next: 61%
Magic:  4/4        EV:  7    Int:  8    God:
Gold:   122        SH:  9    Dex:  9    Spells: 3/3 levels left

rFire    . . .     SeeInvis .   a - +0 flail
rCold    . . .     Faith    .   c - +0 kite shield
rNeg     + . .     Spirit   .   s - +0 scale mail
rPois    ∞         Reflect  .   i - +1 helmet
rElec    +         Harm     .   (no cloak)
rCorr    .         Rampage  .   (no gloves)
MR       .....                  (no boots)
Stlth    ..........             (no amulet)
HPRegen  0.09/turn              (no ring)
MPRegen  0.09/turn              (no ring)

@: no status effects
A: negative energy resistance 1, electricity resistance, unbreathing,
petrification resistance, rot immunity, AC +3
a: no special abilities


You were on level 3 of the Dungeon.
You visited 1 branch of the dungeon, and saw 3 of its levels.

You collected 122 gold pieces.

Inventory:

Hand Weapons
 a - a +0 flail (weapon)
 b - a +1 dagger of venom
Missiles
 g - 2 boomerangs (quivered)
Armour
 c - a +0 kite shield (worn)
 i - a +1 helmet (worn)
 s - a +0 scale mail (worn)
Scrolls
 e - 8 scrolls of identify {unknown}
 f - a scroll of fog {unknown}
 j - 3 scrolls of remove curse {unknown}
 k - a scroll of immolation {unknown}
 m - 2 scrolls of teleportation {unknown}
 n - a scroll of enchant armour {unknown}
 r - a scroll of blinking {unknown}
Potions
 d - a potion of might
 h - 4 potions of curing {unknown}
 l - a potion of haste {unknown}
 o - a potion of brilliance {unknown}
 p - a potion of berserk rage {unknown}
 q - a potion of lignification {unknown}


   Skills:
 - Level 3.2 Fighting
 * Level 4.4 Maces & Flails
 - Level 3.2 Armour
 + Level 3.6 Shields


You had 3 spell levels left.
You didn't know any spells.
Your spell library was empty.

Dungeon Overview and Level Annotations

Branches:
Dungeon (3/15)

Altars:
Ashenzari
Uskayaw


Innate Abilities, Weirdness & Mutations

You are resistant to torment.
Your stone body is resilient. (AC +3)
You are immune to poison.
You resist negative energy. (rN+)
You are resistant to electric shocks. (rElec)
You can survive without breathing.
You are immune to petrification.
You are immune to rotting.


Message History

The orc hits you but does no damage. The hobgoblin barely misses you.
The jackal barely misses you.
An orc comes into view. It is wielding a +0 hand axe.
The orc barely misses you.
The orc shouts!
You hit the orc.
The orc is almost dead.
You hear a bark!
You block the jackal's attack. You block the hobgoblin's attack.
The orc priest invokes the aid of Beogh against you.
Beogh smites you!
The jackal bites you but does no damage.
You hear a shout!
You block the orc's attack.
An orc wizard comes into view. It is wielding a +1 vampiric dagger.
The orc priest invokes the aid of Beogh against you.
Beogh smites you!
The orc priest mumbles some strange prayers to Beogh against you.
Beogh smites you!
You die...

.# . ###### .#
#.#
#....##'##....
#.......o.....
#....o........
#....o.....#.
#.[..##+####
#########hg..#
#........@o..#
#............#
#.........####
#.........#
#.........#
#.........#
#######.........#
#...............#
#..........######


You could see an orc priest, an orc wizard, 2 orcs, a jackal and a hobgoblin.

Vanquished Creatures
  An orc wizard (D:3)
  3 worms (D:2)
  A dart slug (D:1)
  3 leopard geckos (D:1)
  6 orcs
  A ball python (D:2)
  4 bats
  A giant cockroach (D:1)
  A goblin (D:1)
  5 hobgoblins
  3 jackals (D:3)
  5 kobolds
  A quokka (D:2)
  2 frilled lizards
  5 rats
42 creatures vanquished.

Vanquished Creatures (others)
  3 plants (D:2)
3 creatures vanquished.

Grand Total: 45 creatures vanquished

Notes
Turn   | Place    | Note
-------+----------+-------------------------------------------
     0 | D:1      | nicanaca0 the Gargoyle Fighter began the quest for the Orb.
     0 | D:1      | Reached XP level 1. HP: 14/14 MP: 1/1
    87 | D:1      | Reached XP level 2. HP: 17/19 MP: 2/2
   140 | D:1      | You fall into a shaft and drop 1 floor!
   180 | D:2      | Reached skill level 3 in Maces & Flails
   249 | D:2      | Found a hide-covered altar of Uskayaw.
   322 | D:1      | Reached XP level 3. HP: 17/23 MP: 3/3
   764 | D:2      | Found a broken altar of Ashenzari.
  1216 | D:3      | Reached skill level 4 in Maces & Flails
  1228 | D:3      | Reached XP level 4. HP: 28/28 MP: 4/4
  1303 | D:3      | Killed from afar by an orc priest

Illustrated notes

Levels and vault maps discovered:
D:1:      lemuel_arrival_lava_pool, layout_rooms, minmay_cupped
D:2:      layout_rooms, eat_drink_and_be_merry_uskayaw, evilmike_ruin_ashenzari,
          serial_bayou_pond_c
D:3:      layout_basic, minmay_misc_feat_tiny, okawaru_trees_1

Skill      XL: |  1  2  3 |
---------------+----------+-----
Maces & Flails | 3 4 |  4.4
Fighting       | |  3.2
Armour         | |  3.2
Shields        | |  3.6

Action                   |  1- 3 |  4- 6 || total
-------------------------+-------+-------++-------
Melee: Flail             |   142 |    28 ||   170
Armor: Scale mail        |    69 |    15 ||    84
Dodge: Dodged            |    40 |     9 ||    49
Block: Kite shield       |    63 |    20 ||    83

Table legend: (Time is in decaauts)
 A = Elapsed time spent in this place.
 B = Non-inter-level travel time spent in this place.
 C = Inter-level travel time spent in this place.
 D = Time resting spent in this place.
 E = Time spent auto-exploring this place.
 F = Levels seen in this place.
 G = Mean time per level.
                   A        B        C        D        E       F      G
               +--------+--------+--------+--------+--------+-----+--------+
         Total |   1359 |   1310 |     49 |      0 |    869 |   3 |  453.0 |
       Dungeon |   1359 |   1310 |     49 |      0 |    869 |   3 |  453.0 |
               +--------+--------+--------+--------+--------+-----+--------+

Top non-repeatable levels by time:
     D:1: 608 daAuts
     D:2: 597 daAuts
     D:3: 153 daAuts
